 Dungeon Crawl Stone Soup version 0.21.1 (webtiles) character file.

5638 Mgcat the Fighter (level 10, -1/71 HPs)
             Began as a Gargoyle Chaos Knight on Feb 4, 2018.
             Slain by a two-headed ogre
             ... wielding a +0 giant club
              (10 damage)
             ... on level 9 of the Dungeon.
             The game lasted 00:20:35 (8175 turns).

Mgcat the Fighter (Gargoyle Chaos Knight)           Turns: 8175, Time: 00:20:37

Health: -1/71      AC: 16    Str: 21    XL:     10   Next: 74%
Magic:  14/14      EV: 15    Int: 10    God:    Xom [......]
Gold:   196        SH:  0    Dex: 10    Spells: 11/13 levels left

rFire    . . .     SeeInvis +   d - +1 morningstar
rCold    . . .     Gourm    .   (no shield)
rNeg     + . .     Faith    .   t - +1 scale mail
rPois    ∞         Spirit   .   H - +1 hat {SInv}
rElec    +         Reflect  .   (no cloak)
rCorr    .         Harm     .   (no gloves)
MR       .....                  (no boots)
Stlth    ..........             (no amulet)
HPRegen  0.21/turn              q - +5 ring of evasion
MPRegen  0.14/turn              B - +4 ring of strength

@: no status effects
A: clumsy 1, dopey 1, high mp 1, negative energy resistance 1, electricity
resistance, unbreathing, petrification resistance, rot immunity, AC +7
a: Renounce Religion


You were on level 9 of the Dungeon.
You worshipped Xom.
You were a very special plaything of Xom.
You were very hungry.

You visited 1 branch of the dungeon, and saw 9 of its levels.

You collected 385 gold pieces.
You spent 189 gold pieces at shops.

Inventory:

Hand Weapons
 d - a +1 morningstar (weapon)
 w - a +4 whip of freezing
Armour
 t - a +1 scale mail (worn)
 H - a +1 hat of see invisible (worn)
Jewellery
 q - a +5 ring of evasion (left hand)
 x - an uncursed ring of protection from cold
 y - an uncursed ring of protection from magic
 B - a +4 ring of strength (right hand)
 E - an uncursed ring of fire
Wands
 f - a wand of acid (7)
 A - a wand of polymorph (8)
 C - a wand of disintegration (18)
 F - a wand of paralysis (15)
 G - a wand of digging (19)
Scrolls
 a - 4 scrolls of identify
 h - 7 scrolls of remove curse
 k - 5 scrolls of teleportation
 o - 2 scrolls of amnesia
 v - a scroll of enchant armour
 D - 2 scrolls of fog
Potions
 e - a potion of degeneration {unknown}
 g - a potion of curing
 i - a potion of haste {unknown}
 j - 3 potions of flight
 l - 2 potions of mutation {unknown}
 m - 2 potions of ambrosia {unknown}
 n - a potion of lignification {unknown}
 p - a potion of agility {unknown}
 r - a potion of might {unknown}
 z - 2 potions of resistance {unknown}
Books
 s - a book of Cantrips

   Spells                             Type                      Level
   a - Confusing Touch                Hexes                        1
   b - Animate Skeleton               Necromancy                   1
   c - Summon Small Mammal            Summoning                    1
   d - Apportation                    Translocation                1
 u - the Catalogue of the Lucky Mountains
   (You found it on level 8 of the Dungeon)

   Spells                             Type                      Level
   a - Sandblast                      Earth                        1
   b - Song of Slaying                Charms                       2
   c - Ozocubu's Armour               Charms/Ice                   3
   d - Spectral Weapon                Hexes/Charms                 3
   e - Borgnjor's Vile Clutch         Necromancy/Earth             5
   f - Statue Form                    Transmutation/Earth          6
Comestibles
 c - 17 rations


   Skills:
 + Level 11.8 Fighting
 + Level 10.9 Maces & Flails
 + Level 3.8 Armour
 - Level 1.0 Dodging
 + Level 2.1 Spellcasting
 + Level 2.1 Charms


You had 11 spell levels left.
You knew the following spells:

 Your Spells              Type           Power        Failure   Level  Hunger
a - Song of Slaying       Chrm           #.......     45%         2    ###....


Dungeon Overview and Level Annotations

Branches:
Dungeon (9/15)             Temple (0/1) D:5
   Lair: D:8-11         Orc: D:9-12

Altars:
Elyvilon
Gozag
Nemelex Xobeh
Ru
Trog
Xom

Shops:
D:5 [   D:6 }   D:8 [


Innate Abilities, Weirdness & Mutations

You are resistant to torment.
Your stone body is resilient. (AC +7)
You are immune to poison.
You resist negative energy. (rN+)
You are resistant to electric shocks. (rElec)
You can survive without breathing.
You are immune to petrification.
You are immune to rotting.
You are clumsy. (Dex -2)
You are dopey. (Int -2)
You have an increased reservoir of magic. (+10% MP)


Message History

The two-headed ogre hits you with a giant club!
You barely miss the two-headed ogre.
The two-headed ogre is lightly wounded.
The two-headed ogre hits you with a giant club!
The two-headed ogre misses you.
You are too injured to fight recklessly!
You are too injured to fight recklessly!
You are too injured to fight recklessly!
You puncture the two-headed ogre!
The two-headed ogre is moderately wounded.
You hit the two-headed ogre.
The two-headed ogre is heavily wounded.
The two-headed ogre hits you but does no damage.
The two-headed ogre hits you with a giant club!
You bludgeon the two-headed ogre!!
The two-headed ogre is almost dead.
The two-headed ogre hits you with a giant club!!
* * * LOW HITPOINT WARNING * * *
The two-headed ogre hits you with a giant club!
You die...

...................#
.....[.............#
...................#####.
......###................
......'.#................
......#.#................
......#.#......>.........
......#.#.#######.######
#####+#.#.#.....@.# ..
.#.#....O#.# ..
.#.#.....#.# .. .#
#.....#.# .. #.....#.# ..
#.....#.# #' +.....#.#
###### .#


You could see a two-headed ogre.

Vanquished Creatures
  Gastronok (D:9)
  A two-headed ogre (D:8)
  The ghost of Mgcat the Conjurer, a novice GrAE of Vehumet (D:7)
  A deep elf mage (D:8)
  The ghost of Zorot the Ruffian, an amateur VSMo (D:3)
  A soldier ant (D:4)
  Duvessa (D:5)
  2 sky beasts
  A slave (D:4)
  A phantom (D:5)
  9 ogres
  A centaur (D:7)
  3 bullfrogs
  Dowan (D:5)
  A wyvern zombie (D:8)
  3 scorpions
  A howler monkey (D:5)
  2 crimson imps
  2 orc priests
  4 hounds
  A jelly (D:8)
  2 bullfrog skeletons (D:9)
  Natasha (thrice) (D:3)
  3 orc wizards
  3 worker ants
  A hound skeleton (D:4)
  A worker ant zombie (D:8)
  A howler monkey skeleton (D:5)
  11 adders
  An adder skeleton (D:4)
  2 dart slugs
  7 leopard geckos
  21 orcs
  4 giant cockroaches
  5 goblins
  A hobgoblin (D:2)
  5 jackals
  5 kobolds
  4 quokkas
  5 bats
  7 frilled lizards
  6 rats
137 creatures vanquished.

Vanquished Creatures (others)
  An orc wizard (D:5)
1 creature vanquished.

Grand Total: 138 creatures vanquished

Notes
Turn   | Place    | Note
-------+----------+-------------------------------------------
     0 | D:1      | Mgcat the Gargoyle Chaos Knight began the quest for the Orb.
     0 | D:1      | Reached XP level 1. HP: 14/14 MP: 1/1
    47 | D:1      | XOM: potion effect (haste)
   137 | D:1      | Reached skill level 1 in Dodging
   187 | D:1      | Reached XP level 2. HP: 19/19 MP: 2/2
   279 | D:1      | XOM: divination: magic mapping
   558 | D:2      | Reached XP level 3. HP: 18/24 MP: 3/3
   638 | D:2      | XOM: scenery: create altars
   706 | D:2      | Found a faded altar of an unknown god.
   721 | D:2      | Reached skill level 4 in Fighting
   926 | D:2      | Reached XP level 4. HP: 20/29 MP: 4/4
  1221 | D:3      | Noticed Zorot's ghost (amateur VSMo)
  1232 | D:3      | Killed Zorot's ghost
  1232 | D:3      | Reached skill level 5 in Fighting
  1232 | D:3      | Reached XP level 5. HP: 35/35 MP: 5/5
  1304 | D:3      | Reached XP level 6. HP: 40/40 MP: 6/6
  1356 | D:3      | Reached skill level 5 in Maces & Flails
  1449 | D:3      | Noticed Natasha
  1452 | D:3      | Killed Natasha
  1486 | D:3      | Found a shimmering altar of Xom.
  1584 | D:3      | XOM: noise
  1868 | D:3      | Noticed Natasha
  1872 | D:3      | XOM: enchant monster (good)
  1876 | D:3      | Killed Natasha
  1876 | D:3      | Reached skill level 6 in Fighting
  1894 | D:3      | Noticed Natasha
  1907 | D:3      | Killed Natasha
  2288 | D:3      | Reached XP level 7. HP: 15/46 MP: 7/7
  2306 | D:3      | XOM: medium Pois miscast
  2396 | D:4      | XOM is BORED!
  2514 | D:4      | Found a white marble altar of Elyvilon.
  2624 | D:4      | Found an opulent altar of Gozag.
  2772 | D:4      | Noticed Pikel
  2787 | D:4      | Noticed Pikel
  2787 | D:4      | Pikel changed into Pikel the soldier ant
  2787 | D:4      | XOM: polymorph Pikel -> Pikel the soldier ant
  2795 | D:4      | XOM: scenery: 1 doors close
  2797 | D:4      | Killed Pikel the soldier ant
  2966 | D:4      | XOM: cloud trail
  3088 | D:4      | XOM: give mutations
  3088 | D:4      | Gained mutation: You have an increased reservoir of magic. (+10% MP) [Xom's grace]
  3088 | D:4      | Gained mutation: Your flesh is cold resistant. (rC+) [Xom's grace]
  3202 | D:5      | Entered Level 5 of the Dungeon
  3250 | D:5      | Reached skill level 7 in Fighting
  3286 | D:5      | XOM: polymorph orc priest -> worker ant
  3288 | D:5      | XOM: scenery: create altars
  3300 | D:5      | XOM: smoke on damage
  3583 | D:5      | XOM: scenery: create altars
  3608 | D:5      | Reached XP level 8. HP: 29/53 MP: 8/8
  3705 | D:5      | Found Mubiv's Antique Armour Shoppe.
  3708 | D:5      | Bought a glowing scale mail for 189 gold pieces
  3835 | D:5      | Found a staircase to the Ecumenical Temple.
  4122 | D:5      | Found a sacrificial altar of Ru.
  4174 | D:5      | XOM: summons friendly iron imp
  4264 | D:5      | XOM: polymorph iron imp -> quasit
  4282 | D:5      | XOM: god gift: 3 rations
  4338 | D:5      | XOM: polymorph quasit -> shadow imp
  4358 | D:6      | Noticed Duvessa
  4358 | D:6      | Noticed Dowan
  4382 | D:5      | Killed Duvessa
  4382 | D:5      | Reached skill level 8 in Fighting
  4394 | D:5      | Killed Dowan
  4641 | D:6      | XOM: enchant monster (good)
  4742 | D:6      | XOM: harmless Ice miscast
  5121 | D:6      | Found Huugeago's Gadget Shoppe.
  5239 | D:6      | Found a sparkling altar of Nemelex Xobeh.
  5368 | D:7      | Reached skill level 9 in Fighting
  5433 | D:7      | XOM: enchant monster (bad)
  5463 | D:7      | Reached XP level 9. HP: 57/60 MP: 9/9
  5695 | D:7      | Noticed Mgcat's ghost (novice GrAE)
  5708 | D:7      | XOM: 3-stop teleportation journey
  5818 | D:7      | XOM: blink monster(s)
  5819 | D:7      | XOM: confuse monster(s)
  5837 | D:7      | XOM: summons 3 hostile demons
  5842 | D:7      | XOM: repel stairs
  5856 | D:7      | Killed Mgcat's ghost
  5856 | D:7      | Reached skill level 10 in Fighting
  5957 | D:7      | XOM is BORED!
  6155 | D:7      | Identified a scroll of acquirement
  6156 | D:7      | Got a distressingly furry hat
  6162 | D:7      | Identified the +0 hat of Dramatic Exits {-Tele rElec Str+2 SInv} (You acquired it on level 7 of the Dungeon)
  6202 | D:8      | XOM: summons 9 friendly demons
  6205 | D:8      | XOM: smoke on damage
  6273 | D:8      | Found Pegy's Armour Emporium.
  6512 | D:8      | Noticed a deep elf mage
  6516 | D:8      | XOM: summons 2 hostile shadow creatures
  6534 | D:8      | Killed a deep elf mage
  6534 | D:8      | Reached skill level 10 in Maces & Flails
  6561 | D:8      | Reached XP level 10. HP: 30/68 MP: 11/11
  6564 | D:8      | XOM: butterfly on damage
  6578 | D:8      | XOM: silly message
  6589 | D:8      | Reached skill level 11 in Fighting
  6757 | D:8      | Noticed a two-headed ogre
  6763 | D:8      | XOM: cast spell 'Summon Dragon'
  6777 | D:8      | XOM: chaos upgrade
  7041 | D:8      | XOM: give mutations
  7041 | D:8      | Lost mutation: Your flesh is cold resistant. (rC+) [Xom's mischief]
  7041 | D:8      | Gained mutation: You are dopey. (Int -2) [Xom's mischief]
  7041 | D:8      | Gained mutation: You are clumsy. (Dex -2) [Xom's mischief]
  7070 | D:8      | XOM: cleaving
  7071 | D:8      | XOM: blink monster(s)
  7082 | D:8      | XOM: mild Chrm miscast
  7088 | D:8      | XOM: enchant monster (good)
  7102 | D:8      | Killed a two-headed ogre
  7467 | D:8      | Identified the Catalogue of the Lucky Mountains
  7542 | D:8      | Learned a level 2 spell: Song of Slaying
  7619 | D:9      | Found a bloodstained altar of Trog.
  7619 | D:9      | Found a shimmering altar of Xom.
  7759 | D:9      | Noticed Gastronok
  7759 | D:9      | XOM: summons friendly ufetubus
  7772 | D:9      | XOM: butterfly on damage
  7787 | D:9      | Killed Gastronok
  7936 | D:9      | XOM: 1-stop teleportation journey
  8166 | D:9      | Noticed a two-headed ogre
  8175 | D:9      | Slain by a two-headed ogre

Skill      XL: |  1  2  3  4  5  6  7  8  9 10 |
---------------+-------------------------------+-----
Dodging        | 1 |  1.0
Fighting       | 4 5 6 7 9 10 11 | 11.8
Maces & Flails | 4 5 6 8 10 | 10.9
Armour         | 3 |  3.8
Spellcasting   | 2 |  2.1
Charms         | 2 |  2.1

Action                   |  1- 3 |  4- 6 |  7- 9 | 10-12 || total
-------------------------+-------+-------+-------+-------++-------
Melee: Mace              |    82 |   110 |    48 |       ||   240
       Whip              |       |       |   450 |    56 ||   506
       Morningstar       |       |       |       |    32 ||    32
  Use: Scroll            |     4 |     3 |    11 |     4 ||    22
       Potion            |       |     1 |     7 |     2 ||    10
 Stab: Paralysed         |       |     5 |       |       ||     5
       Confused          |       |       |     1 |       ||     1
  Eat: Chunk             |       |     4 |    14 |     1 ||    19
       Ration            |       |       |       |     1 ||     1
Armor: Leather armour    |    50 |    56 |    71 |       ||   177
       Ring mail         |       |       |     5 |       ||     5
       Scale mail        |       |       |   102 |    16 ||   118
Dodge: Dodged            |    68 |    72 |   282 |    50 ||   472
